 Dungeon Crawl Stone Soup version 0.15-a0-2265-gb33f7a6 (webtiles) character file.

337 Crauler the Shield-Bearer (level 6, 0/43 HPs)
             Began as a Halfling Fighter on July 27, 2014.
             Was a Follower of Zin.
             Slain by Menkaure (12 damage)
             ... on Level 5 of the Dungeon.
             The game lasted 00:10:06 (3633 turns).

Crauler the Shield-Bearer (Halfling Fighter)        Turns: 3633, Time: 00:10:06

HP   0/43        AC  7     Str 17      XL: 6   Next: 85%
MP   6/6         EV 13     Int  7      God: Zin [*.....]
Gold 51          SH  6     Dex 15      Spells:  0 memorised,  5 levels left

rFire  . . .     SeeInvis .     a - +0 long sword
rCold  . . .     Clarity  .     b - +0 scale mail
rNeg   . . .     rCorr    .     c - +0 buckler
rPois  +         rRot     .     (no helmet)
rElec  .         Spirit   .     (no cloak)
SustAb .         Warding  .     (no gloves)
rMut   .         Stasis   .     (no boots)
Gourm  .                        (no amulet)
MR     .....                    p - +3 ring of evasion
                                F - ring of poison resistance

@: short of breath, not resistant to hostile enchantments, extremely unstealthy
A: mutation resistance 1
a: Recite, Renounce Religion


You were on level 5 of the Dungeon.
You worshipped Zin.
Zin was aware of your devotion.
You were not hungry.

You visited 2 branches of the dungeon, and saw 6 of its levels.
You also visited: Sewer.

You collected 114 gold pieces.
You donated 63 gold pieces to Zin.

Inventory:

Hand weapons
 a - a +0 long sword (weapon)
 x - a +0 blowgun
Missiles
 h - 49 poisoned needles
Armour
 b - a +0 scale mail (worn)
 c - a +0 buckler (worn)
Comestibles
 d - 2 bread rations
 E - a meat ration
 H - a chunk of giant mite flesh
 I - a slice of pizza
Scrolls
 f - 2 scrolls of enchant armour {unknown}
 i - a scroll of recharging {unknown}
 k - a scroll of fear {unknown}
 m - a scroll of enchant weapon {unknown}
 n - 3 scrolls of teleportation {unknown}
 o - 2 scrolls of identify {unknown}
 q - a scroll of fog {unknown}
 t - a scroll of amnesia {unknown}
 u - a scroll of blinking {unknown}
 w - 2 scrolls of remove curse {unknown}
 y - 2 scrolls of magic mapping {unknown}
Jewellery
 p - a +3 ring of evasion (right hand)
 F - a ring of poison resistance (left hand)
 J - a +1 ring of strength
Potions
 e - 2 potions of might
 g - 2 potions of confusion {unknown}
 j - 2 potions of curing {unknown}
 l - a potion of haste {unknown}
 r - a potion of cure mutation {unknown}
 s - a potion of degeneration {unknown}
 v - a potion of berserk rage {unknown}
 z - a potion of invisibility {unknown}
 A - a potion of blood
 B - a potion of mutation {unknown}
 C - a potion of agility {unknown}
 D - a potion of lignification {unknown}
 G - a potion of heal wounds {unknown}


   Skills:
 + Level 3.7 Fighting
 * Level 4.3 Long Blades
 + Level 4.3 Armour
 + Level 4.8 Shields


You had 5 spell levels left.
You didn't know any spells.

Dungeon Overview and Level Annotations

Branches:
Dungeon (5/15)             Temple (1/1) D:4

Altars:
Ashenzari
Cheibriados
Elyvilon
Fedhas
Gozag
Nemelex Xobeh
Okawaru
Qazlal
Trog
Vehumet
Xom
Yredelemnul
Zin
The Shining One

Annotations:
D:5 Menkaure


Innate Abilities, Weirdness & Mutations

You are small and have problems with some larger weapons.
You are somewhat resistant to further mutation.


Message History

Menkaure calls on the powers of darkness!
Your body is wracked with pain! "...those who did not become pure would be condemned?"
You finish reciting Abominations 6:34.
You feel short of breath.
You hit Menkaure.
Menkaure is lightly damaged.
Menkaure barely misses you.
You hit Menkaure.
Menkaure is lightly damaged.
Menkaure hits you!
You slash Menkaure!
Menkaure is heavily damaged.
Menkaure points at you and mumbles some strange words.
Pain shoots through your body!
* * * LOW HITPOINT WARNING * * *
You hit Menkaure but do no damage.
Menkaure is heavily damaged.
Menkaure hits you!
You die...

#..#..# #<.##
.########...##...
..................
####.............
#####.###.....
##.# ##... #.## ..
#@# ####M# ...h# .
##.(.# .?.
#.####....#......
........<........
#####............
##.......h..
#..........


You could see Menkaure and a hound.

Vanquished Creatures
  A crocodile (Sewer)
  The ghost of Charly the Insei, a weakling DsTm (D:4)
  An iguana (D:3)
  A hound (D:4)
  A worker ant (D:4)
  Jessica (D:2)
  3 adders
  A giant mite (D:4)
  3 worms
  2 oozes (D:4)
  7 bats
  4 giant cockroaches
  8 goblins
  12 hobgoblins
  3 quokkas (D:2)
  5 giant geckos
  2 giant newts (D:2)
  2 jackals (Sewer)
  14 kobolds
  A quokka skeleton (D:4)
  7 rats
80 creatures vanquished.

Notes
Turn   | Place    | Note
--------------------------------------------------------------
     0 | D:1      | Crauler, the Halfling Fighter, began the quest for the Orb.
     0 | D:1      | Reached XP level 1. HP: 15/15 MP: 1/1
    47 | D:2      | Noticed Jessica
    63 | D:2      | Killed Jessica
    63 | D:2      | Reached XP level 2. HP: 1/20 MP: 2/2
   413 | D:2      | Reached XP level 3. HP: 22/25 MP: 3/3
   537 | D:2      | Reached skill level 4 in Shields
   704 | D:2      | Reached XP level 4. HP: 29/31 MP: 4/4
   984 | D:2      | Found a blossoming altar of Fedhas.
  1612 | D:3      | Reached XP level 5. HP: 11/36 MP: 5/5
  2356 | D:4      | Found a glowing drain.
  2484 | D:4      | Noticed Charly's ghost (weakling DsTm)
  2485 | Sewer    | Entered a sewer
  2560 | Sewer    | Noticed a crocodile
  2576 | Sewer    | Killed a crocodile
  2576 | Sewer    | Reached XP level 6. HP: 7/42 MP: 6/6
  2861 | D:4      | Killed Charly's ghost
  3292 | D:4      | Found a staircase to the Ecumenical Temple.
  3302 | Temple   | Entered the Ecumenical Temple
  3372 | Temple   | Became a worshipper of Zin the Law-Giver
  3372 | Temple   | Acquired Zin's first power
  3401 | Temple   | Donated 52 gold pieces to Zin
  3561 | D:5      | Entered Level 5 of the Dungeon
  3561 | D:5      | Noticed Menkaure
  3633 | D:5      | Slain by Menkaure

Action                   |  1- 3 |  4- 6 || total
-------------------------+-------+-------++-------
Melee: Long sword        |    65 |   231 ||   296
 Fire: Blowgun           |       |     4 ||     4
Invok: Recite            |       |     1 ||     1
Evoke: Deck              |       |     7 ||     7
  Eat: Chunk             |       |     9 ||     9
